Cogmind - Beta 17 *** ADVENTURER MODE // 2026.07.22 @ 20:33:29 Player: Rudolf Result: Destroyed by 4D-MXB(R) with Subdweller Laser Performance ------------- Evolutions (0) 0 Regions Visited (2) 400 Robots Destroyed (23) 115 Value Destroyed (403) 403 Prototype IDs (1) 20 Alien Tech Used (0) 0 Bonus (8000) 8000 TOTAL SCORE: 8938 Bonus ------- Prayed to X0-1V1 5000 Major X0-1V1 Interference 3000 Cogmind --------- Core Integrity 0/200 Matter 700/700 Energy 899/900 System Corruption 2% Temperature Cool (6) Movement Core (50) Location -10/Subcaves Parts ------- > --- POWER (1) -------- (None) > --- PROPULSION (2) --- (None) > --- UTILITY (2) ------ Signal Interpreter X0-1V1's Piety Tracker > --- WEAPON (2) ------- (None) > --- INVENTORY (5) ---- Datajack Datajack Peak State ------------ > --- POWER ------------ Ion Engine > --- PROPULSION ------- Aluminum Leg Aluminum Leg > --- UTILITY ---------- Signal Interpreter X0-1V1's Piety Tracker > --- WEAPON ----------- Medium Laser Assault Rifle > --- INVENTORY -------- Aluminum Leg Datajack Datajack Datajack Datajack [Rating: 19] Favorites ----------- Power Ion Engine Engine Ion Engine Propulsion Aluminum Leg Leg Aluminum Leg Utility Signal Interpreter Device Sensor Array Storage Small Storage Unit Processor Signal Interpreter Weapon Medium Laser Energy Gun Medium Laser Ballistic Gun Assault Rifle Build | -11 -10 -10 ------- Run | Yrd Mat Sub Slots Evolved . | . . . Power . | . . . Propulsion . | . . . Utility . | . . . Weapon . | . . . Parts Attached 14 | 6 4 4 Power 2 | 1 1 . Engine 2 | 1 1 . Core . | . . . Reactor . | . . . Propulsion 5 | 2 . 3 Treads . | . . . Leg 5 | 2 . 3 Wheel . | . . . Hover . | . . . Flight . | . . . Utility 5 | 1 3 1 Device 3 | . 2 1 Storage 1 | 1 . . Processor 1 | . 1 . Hackware . | . . . Protection . | . . . Artifact . | . . . Weapon 2 | 2 . . Energy Gun 1 | 1 . . Energy Cannon . | . . . Ballistic Gun 1 | 1 . . Ballistic Cannon . | . . . Launcher . | . . . Special Weapon . | . . . Impact Weapon . | . . . Slashing Weapon . | . . . Piercing Weapon . | . . . Special Melee Weapon . | . . . Unidentified Prototypes 1 | . 1 . Parts Lost 8 | . . 8 Power 1 | . . 1 Propulsion 4 | . . 4 Utility 1 | . . 1 Weapon 2 | . . 2 Highest Loss Streak 5 | . . 5 To Critical Strikes . | . . . Average Backups 2 | 1 2 2 Power . | . . . Propulsion . | . . . Utility . | . . . Weapon . | . . . Tool/Special . | . . . Unused Backups 6 | . 1 5 Power . | . . . Propulsion 2 | . 1 1 Utility . | . . . Weapon . | . . . Tool/Special 4 | . . 4 Average Slot Usage (%) 83 | . 98 55 Engine 9 | . 14 2 Leg 25 | . 28 20 Device 13 | . 13 13 Storage 1 | . 2 . Processor 12 | . 11 14 Energy Gun 9 | . 14 2 Ballistic Gun 9 | . 14 2 Peak Build Rating 19 | 6 19 19 Average Rating 10 | 4 8 15 On Entrance 8 | . 6 19 Avg Prop Armor Cover (%) . | . . . Naked Turns . | . . . Heaviest Build 15 | 14 15 10 Greatest Support 26 | 20 20 26 Greatest Overweight (x) . | . . . Average Overweight (x) . | . . . Largest Inventory Capacity 8 | 8 8 5 Average Capacity 5 | 7 5 5 Most Carried 5 | 4 5 5 Average Carried 2 | 1 2 2 Final Capacity 8 | 8 5 5 Final Carried 5 | 1 5 2 Class Distribution -------------------- 100% | Mutant Dominant Class ---------------- Mutant | -10/Materials Mutant | -10/Subcaves Resources | -11 -10 -10 ----------- Run | Yrd Mat Sub Matter Collected 832 | 185 216 431 Remotely . | . . . Salvage Created 535 | . 379 156 Parts 39 | . 34 5 Haulers Intercepted 1 | . 1 . Recyclers Shooed . | . . . Parts Field Recycled . | . . . Retrieved Matter . | . . . Parts Self-Destructed 6 | . . 6 Prevented . | . . . Parts Restored . | . . . Kills | -11 -10 -10 ------- Run | Yrd Mat Sub Combat Hostiles Destroyed 18 | . 14 4 Guns 17 | . 14 3 Classes Destroyed 6 | . 6 . Worker 1 | . 1 . Hauler 1 | . 1 . Watcher 3 | . 3 . Swarmer 13 | . 12 1 Grunt 3 | . 1 2 Subdweller 2 | . 1 1 Best Kill Streak 7 | . 7 2 Combat Bots Only 5 | . 5 2 Max Kills in Single Turn 2 | . 2 1 Gunslinging 1 | . 1 . Exploded . | . . . Melee . | . . . Uniques/NPCs Destroyed . | . . . Combat | -11 -10 -10 -------- Run | Yrd Mat Sub Hostile Shots Fired 184 | . 47 137 Missed 54 | . 14 40 Hits 130 | . 33 97 Projectile 130 | . 33 97 Critical Strikes 2 | . . 2 Damage Taken 1206 | . 237 969 Core 387 | . 52 335 Absorbed by Shields . | . . . Ignored by Resistances 368 | . 73 295 Core Remaining (%) 100 | 100 . . Volleys Fired 52 | . 35 17 Largest 2 | . 2 2 Hottest 70 | . 70 70 Shots Fired 99 | . 69 30 Gun 99 | . 69 30 Cannon . | . . . Launcher . | . . . Special . | . . . Kinetic 47 | . 35 12 Thermal 52 | . 34 18 Explosive . | . . . Electromagnetic . | . . . Robot Hit Streak 21 | . 11 21 Robot Miss Streak 3 | . 3 1 Penetration Max . | . . . Secondary Targets 5 | . 3 2 Max Gunslinging Chain 1 | . 1 1 Shots Hit Robots 71 | . 43 28 Core Hits 30 | 1 23 6 Critical Kills . | . . . Critical Parts Destroyed . | . . . Critical Strikes 12 | . 2 10 Burn 11 | . 2 9 Destroy 1 | . . 1 Melee Attacks . | . . . Impact . | . . . Slashing . | . . . Piercing . | . . . Sneak Attacks . | . . . Combat Hostiles . | . . . Follow-up Attacks . | . . . Damage Inflicted 949 | 1 573 375 Guns 927 | . 573 354 Cannons . | . . . Explosions . | . . . Melee . | . . . Ramming 22 | 1 . 21 Kinetic 452 | . 300 152 Thermal 475 | . 273 202 Explosive . | . . . Electromagnetic . | . . . Impact . | . . . Slashing . | . . . Piercing . | . . . Highest Corruption 2 | . . 2 Average Corruption 2 | . . 2 Corruption Purged . | . . . Corruption Blocked . | . . . Effects 6 | . . 6 Message Errors 1 | . . 1 Matter Fused 3 | . . 3 Data Loss (minor) 2 | . . 2 Overload Shots . | . . . Overflow Damage . | . . . Projectiles . | . . . Explosions . | . . . Melee . | . . . Knockbacks 4 | . . 4 Impact 4 | . . 4 Kinetic . | . . . Secondary . | . . . Self-Inflicted Damage 8 | . 8 . Shots 1 | . 1 . Rammed . | . . . Targets Rammed 19 | 1 . 18 Kicked 19 | 1 . 18 Crushed . | . . . Highest Temperature 54 | . 54 . Average Temperature 18 | . 18 . Received Heat Transfer 417 | . 24 393 Siege Activations . | . . . Martial Activations . | . . . Shielding Activations . | . . . Robots Disrupted . | . . . Combat Hostiles . | . . . Robots Corrupted . | . . . Combat Hostiles . | . . . Parts Fried . | . . . Impact Corruptions . | . . . Robots Melted 1 | . . 1 Combat Hostiles 1 | . . 1 Parts Melted 3 | . 1 2 Heat Transferred 2220 | . 962 1258 Parts Sabotaged . | . . . Parts Stolen . | . . . Parts Stripped . | . . . Power Chain Reactions . | . . . Alert | -11 -10 -10 ------- Run | Yrd Mat Sub Maximum Alert Level . | . . . Low Security (%) 100 | 100 100 . Level 1 . | . . . Level 2 . | . . . Level 3 . | . . . Level 4 . | . . . Level 5 . | . . . High Security . | . . . Max Security . | . . . Peak Influence 141 | . 141 . Initial . | . . . Average 41 | . 43 . Influence Increases 454 | . 394 60 Destroy 0b10 Robot/C 320 | . 260 60 Destroy 0b10 Robot/NC 25 | . 25 . Destroy Leader 48 | . 48 . Successful Hack 24 | . 24 . Disable Machine 36 | . 36 . Destroy Structure 1 | . 1 . Influence Decreases 454 | . 394 60 Time Decay 414 | . 394 20 Lost Part 40 | . . 40 Squads Dispatched 1 | . 1 . Investigation 1 | . 1 . Extermination . | . . . Reinforcement . | . . . Assault . | . . . Garrison . | . . . Intercept . | . . . Searches Triggered . | . . . Construction Impeded . | . . . Haulers Reinforced . | . . . Active Scanning Responses . | . . . Cargo Convoy Interrupts . | . . . Stealth | -11 -10 -10 --------- Run | Yrd Mat Sub Distress Signals 2 | . 2 . Communications Jammed . | . . . Distress Signals . | . . . Times Spotted 35 | . 18 17 Peak Tracking Total 4 | . 3 4 Tactical Retreats 2 | . . 2 Traps | -11 -10 -10 ------- Run | Yrd Mat Sub Traps Triggered . | . . . Indirectly . | . . . Trap Hack Attempts . | . . . Triggered . | . . . Disarmed . | . . . Reprogrammed . | . . . Reused . | . . . Traps Extracted . | . . . Installed . | . . . Triggered . | . . . Machines | -11 -10 -10 ---------- Run | Yrd Mat Sub Machines Disabled 4 | . 4 . Max in Single Turn 4 | . 4 . Machines Repaired . | . . . Machines Dismantled . | . . . Machines Sabotaged . | . . . Overloaded Fab Kills . | . . . Hacking | -11 -10 -10 --------- Run | Yrd Mat Sub Machines Accessed 10 | . 9 1 Terminals 8 | . 8 . Fabricators . | . . . Repair Stations . | . . . Recycling Units 1 | . 1 . Scanalyzers . | . . . Garrison Access . | . . . Total Hacks 33 | . 28 5 Successful 17 | . 12 5 Failed 16 | . 16 . Catastrophic . | . . . Database Lockouts . | . . . Manual 10 | . 10 . Terminals 26 | . 26 . Fabricators . | . . . Repair Stations . | . . . Recycling Units 2 | . 2 . Scanalyzers . | . . . Garrison Access . | . . . Terminal Hacks 13 | . 8 5 Record 8 | . 3 5 Robot Analysis 2 | . 2 . Locate Traps 1 | . 1 . Registered Components 1 | . 1 . Registered Prototypes 1 | . 1 . Fabricator Hacks . | . . . Repair Station Hacks . | . . . Recycling Unit Hacks 2 | . 2 . Recycle Component 1 | . 1 . Report Inventory 1 | . 1 . Scanalyzer . | . . . Garrison Access Hacks . | . . . Unauthorized Hacks 2 | . 2 . Terminals 2 | . 2 . Botnet 1 | . 1 . Sabotage 1 | . 1 . Fabricators . | . . . Repair Stations . | . . . Recycling Units . | . . . Scanalyzers . | . . . Garrison Access . | . . . Data Cores Recovered . | . . . Used . | . . . Hacking Detections 8 | . 8 . Full Trace Events 1 | . 1 . Feedback Events . | . . . Feedback Blocked . | . . . Robot Schematics Acquired . | . . . Robots Built . | . . . Authchips . | . . . Time . | . . . Total Robot Build Rating . | . . . Part Schematics Acquired . | . . . Parts Built . | . . . Authchips . | . . . Time . | . . . Total Part Build Rating . | . . . Part Studies Acquired . | . . . Parts Repaired . | . . . Time . | . . . Parts Recycled 1 | . 1 . Recycled Matter . | . . . Retrieved Matter . | . . . Retrieved Components . | . . . Parts Scanalyzed . | . . . Part Schematics Acquired . | . . . Parts Damaged . | . . . Bothacking | -11 -10 -10 ------------ Run | Yrd Mat Sub Used RIF Installer . | . . . Robots Hacked . | . . . Non-combat . | . . . Combat . | . . . Robot Hacks Applied . | . . . Relay Couplers Released . | . . . Fabnet Peak Effective % . | . . . Robots Rewired . | . . . Allies Hacked . | . . . Hacks Repelled . | . . . Allies | -11 -10 -10 -------- Run | Yrd Mat Sub Total Allies . | . . . Largest Group . | . . . Highest-Rated Group . | . . . Highest-Rated Ally . | . . . Total Orders . | . . . Ally Attacks . | . . . Total Damage . | . . . Kills . | . . . Allies Corrupted . | . . . Allies Melted . | . . . X0-1V1 Amusement Gains 85 | . 3 82 Good Acts 13 | . . 13 Bad Acts 10 | . . 10 Intel | -11 -10 -10 ------- Run | Yrd Mat Sub Active Infowar (turns) 849 | . 849 . Sensors 849 | . 849 . Robot Analysis Total 2 | . 2 . Derelict Logs Recovered 1 | . . 1 Drone Launches . | . . . Drone Recoveries . | . . . Exploration | -11 -10 -10 ------------- Run | Yrd Mat Sub Turns Passed 1662 | 54 1016 592 Spaces Moved 1220 | 40 748 432 Core 12 | 11 . 1 Treads . | . . . Legs 1208 | 29 748 431 Wheels . | . . . Hover . | . . . Flight . | . . . Fastest Speed 50 | 50 120 50 Average Speed 119 | 100 120 119 Slowest Speed 120 | 120 120 120 Overloaded Moves . | . . . Propulsion Burnouts . | . . . Robots Hopped . | . . . Potential Cave-ins . | . . . Cave-ins Triggered . | . . . Exploration Rate (%) 41 | 3 97 25 Regions Visited 2 Branch Regions 1 Pre-discovered Areas 1 | . . 1 Known Exits Taken 1 | . 1 . Unknown Exits Taken 1 | 1 . . Scrap Searched . | . . . Spaces Dug . | . . . Terrain Destroyed . | . . . Melee . | . . . Projectile . | . . . AOE . | . . . Terrain Rammed . | . . . Walls Destroyed . | . . . Machines Disabled . | . . . Actions | -11 -10 -10 --------- Run | Yrd Mat Sub Total 1324 | 53 798 473 Wait 1 | . 1 . Move 1218 | 39 747 432 Hop . | . . . Pick Up 16 | 7 8 1 Fast Attach 1 | . 1 . Attach 11 | 6 2 3 Detach . | . . . Swap 2 | . 1 1 Drop 3 | . 3 . Fire 52 | . 35 17 Melee . | . . . Ram 1 | . . 1 Kick 19 | 1 . 18 Crush . | . . . Escape Stasis . | . . . Rewire . | . . . Trap . | . . . Miscellaneous . | . . . Route ------- -11/Scrapyard -10/Materials (discovered 6 exits: *Mat x3 / *Min x2 / *Sub) -10/Subcaves (discovered 2 exits: *Mat / Rec) History --------- Turn | Location | Event 18 | -11/Scrapyard | Discovered new exit (range 15) 55 | -11/Scrapyard | Entered Materials 170 | -10/Materials | Discovered new exit (range 3) 252 | -10/Materials | Identified exit to Materials 312 | -10/Materials | Build established: Mutant 411 | -10/Materials | Discovered new exit (range 8) 433 | -10/Materials | Identified exit to Mines 525 | -10/Materials | Discovered exit to Materials (range 16) 642 | -10/Materials | Discovered exit to Mines (range 7) 655 | -10/Materials | Derelicts attacked the area 772 | -10/Materials | Discovered exit to Materials (range 7) 937 | -10/Materials | Discovered new exit (range 9) 947 | -10/Materials | Prayed at D.C.S.S. Altar Unit 947 | -10/Materials | Identified exit to Subcaves 1071 | -10/Materials | Entered Subcaves 1072 | -10/Subcaves | Approached by a straggling Scientist 1072 | -10/Subcaves | X0-1V1 activates XOMVISION 1083 | -10/Subcaves | Discovered new exit (range 5) 1087 | -10/Subcaves | Identified exit to Materials 1100 | -10/Subcaves | X0-1V1 sent you into danger 1103 | -10/Subcaves | X0-1V1 whisked you away to safety 1116 | -10/Subcaves | Ranged accuracy permanently improved by X0-1V1 (+5%; -50 max core) 1125 | -10/Subcaves | Identified exit to Recycling 1125 | -10/Subcaves | X0-1V1 revealed exit location to -7/Recycling 1138 | -10/Subcaves | X0-1V1 tapped a No Entrance sign 1139 | -10/Subcaves | X0-1V1 sent hostile G-34 Mercenary (x4) 1207 | -10/Subcaves | Lost 5 parts (1p1n1u2w) 1221 | -10/Subcaves | Core integrity fell below 50% 1292 | -10/Subcaves | X0-1V1 activates XOMVISION 1330 | -10/Subcaves | X0-1V1 sent hostile S-10 Pest (x3) 1338 | -10/Subcaves | Learned location of Storage (-7) 1356 | -10/Subcaves | Core integrity fell below 20% 1360 | -10/Subcaves | X0-1V1 rescued you from certain death 1380 | -10/Subcaves | Visited Clippyterm 1383 | -10/Subcaves | Learned Factory fabricator intel 1383 | -10/Subcaves | Learned Factory garrison access intel 1542 | -10/Subcaves | A swath of the cavern ceiling suddenly collapsed 1663 | -10/Subcaves | Destroyed by 4D-MXB(R) with Subdweller Laser Last Messages --------------- 01458_ System corrupted: Matter fused (-7). 01489_ Energy generation returns to normal. 01527_ X0-1V1 stares into the ether. 4D-MXB(R) form shifts and blurs. A swath of the cavern ceiling suddenly collapses. 01574_ Sensor data returns to normal. 01638_ System corrupted: Matter fused (-5). 01641_ XP-R3L(R): "ARGHSUB!" 01644_ Kicked XP-R3L(R). 01647_ Kicked XP-R3L(R) out of the way. 01647_ XP-R3L(R) knocked back. 01649_ Kicked XP-R3L(R). 01655_ XP-R3L(R) knocked back. 01656_ Kicked XP-R3L(R). 01658_ XP-R3L(R) knocked back. 01659_ Kicked XP-R3L(R). 01659_ XP-R3L(R) knocked back. 01661_ Kicked XP-R3L(R). 01662_ Aluminum Leg destroyed. 01663_ X0-1V1 snickers! Map ----- +----------------------------------------------------+ | ???????????????????????????????????## # | | ????????????????????????????????????### ## # ## | | ????????????????????????????????????######### #? | | ????????????????????????????????????# #?# #? | | ????????????????????????????????????# ### #? | | ????????????????????????????????????# ## ## | | ???????????????????????????????????## # | | ???????????????????????????????????# # | | ???????????????????????????????????# ### # | | ??????????????????????????????????## ### ## | | ??????????????????????????????????# #? | | ??????????????????????????????????#### ## # | | ????????????????????????????????????## ### # | | ???????????????????????????????????## ###?## # | | ???????????????????????????????????# #????? ## | | ??????????????????????????????###### ##????##? | | ????????????????#???????####### ####???? | | ?????????##???? ????????#"""## #???? | | ?????????# ?### ????????#"" ## # #???? | | ???####??##### ?###?????#"X # ###?? | | ???# #### #### ##????#"" ## ##? | | ??# # ## # # ##???#"""### ### ## | | ?# ## ####### #??###### #?### # | | ?##?## ##? #### ##?## ### ##??## ## | | ####### ### ### ##### ## #???# ###? | | # # ### ##### ## # @ R #?### ##?? | | # # # ;; %%%%R ## ##?# #?? | | # ## # ##### % ########### #??# ##? | | ######## ######### ######?????????###??## #? | | ???????###???????###????????????????????##"" ###? | | ?????????????????????????????????????????### ##?? | | ???????????????????????????????????????????#"" #?? | | ???????????????????????????????????????????#"" #?? | | ???????????????????????????????????????????#" ##?? | | ???????????????????????????????????????????#"" ??? | | ??????????????????????????????????????????" "??? | | ?????????????????????????????????????????"" "??? | | ????????????????????????????????????????#"" "??? | | ????????????????????????????????????????#""""""??? | | ????????????????????????????????????????#"" "????? | | ?????????????#???????????????????????????? ????? | | ?????????????# ?##?????????????????????????#?????? | | ######??? ##?? ## ####???????????????????????????? | | ##?? ?# ###????????????????????????? | | #? # # # #????????????????????????? | | ### # #????????????????????????? | | # #????????????????????????? | | ## #????????????????????????? | | #### #????????????????????????? | | #??## ## #?##?????????????????????? | +----------------------------------------------------+ Best States ------------- Heat Dissipation 25 Energy Generation 23 Energy Capacity 1050 Matter Stores 700 Matter Capacity 700 Sight Range 16 Robot Scan Range 14 Terrain Scan Density 10 Resistance: KI 20 Resistance: TH 20 Resistance: EX 20 Resistance: EM 20 Resistance: I 20 Resistance: S 20 Resistance: P 20 Evasion (%) 55 Offensive Hacking 10 Item Schematics ----------------- None Robot Schematics ------------------ None Fabricated ------------ Nothing Repaired ---------- Nothing Studied --------- None Alien Tech Used ----------------- None Achievements -------------- Chaos Is Inevitable Challenges ------------ None Game ------ Seed CargoPersonalProcsplitter Manual? 0 Play Time 00:18:38 Cumulative 87.7 hours Start 2026.07.22 @ 20:12:04 End 2026.07.22 @ 20:33:29 Sessions 1 Manual Loads 0 Difficulty Adventurer Special Mode None Game No. 48 Rogue 0 Adventurer 48 Explorer 0 Win Type - Total 5 Types 2/0/1/1/1/0/0/0/0/0 Lore% 58 Gallery% 56 Achievement% 32 Wizard Run 0 Options --------- Layout 0 ASCII 1 Keyboard 0 Movement Numpad Keybinds 0 Fullscreen 1 Font 18/SmallcapsGlow Map View 76x50 Zoom Use 0% Tactical HUD 1 Map Filters NONE Filters NONE Steam 1 RUN: 105b34f7-df35-4350-a9a4-452756397587